 Dungeon Crawl Stone Soup version 0.27.0-1-g7a089689b8 (webtiles) character file.

Game seed: 3642132038868316322

2721 Demosthentine the Spear-Bearer (level 9, -2/72 HPs)
             Began as a Merfolk Gladiator on July 31, 2021.
             Was a Follower of the Shining One.
             Killed from afar by Erica (16 damage)
             ... with a bolt of poison
             ... on level 8 of the Dungeon.
             The game lasted 00:09:49 (10312 turns).

Demosthentine the Spear-Bearer (Merfolk Gladiator) Turns: 10312, Time: 00:09:50

Health: -2/72      AC:  9    Str: 16    XL:     9   Next: 66%
Magic:  9/9        EV: 16    Int:  8    God:    the Shining One [*.....]
Gold:   341        SH:  0    Dex: 16    Spells: 8/8 levels left

rFire    . . .     SeeInvis +   a - +1 trident
rCold    . . .     Faith    .   (no shield)
rNeg     . . .     Spirit   .   j - +3 leather armour
rPois    .         Reflect  .   c - +0 helmet
rElec    .         Harm     .   (no cloak)
rCorr    +         Rampage  .   (no gloves)
Will     .....                  f - +0 pair of boots
Stlth    +.........             (no amulet)
HPRegen  0.22/turn              k - ring of see invisible
MPRegen  0.11/turn              p - ring of resist corrosion

@: lethally poisoned (-2 -> -22), slowed, glowing, very slow
A: (nimble swimmer 2), mertail
a: Renounce Religion


You were on level 8 of the Dungeon.
You worshipped the Shining One.
The Shining One was aware of your devotion.
You visited 2 branches of the dungeon, and saw 9 of its levels.

You collected 355 gold pieces.
You donated 14 gold pieces to Zin.

Inventory:

Hand Weapons
 a - a +1 trident (weapon)
Armour
 c - a +0 helmet (worn)
 f - a +0 pair of boots (worn)
 j - a +3 leather armour (worn)
Jewellery
 k - a ring of see invisible (left hand)
 p - a ring of resist corrosion (right hand)
Wands
 d - a wand of acid (10)
 g - a wand of iceblast (20)
 n - a wand of flame (21)
Scrolls
 b - a scroll of enchant weapon
 t - a scroll of summoning
Potions
 e - a potion of resistance
 h - a potion of lignification
 i - 2 potions of cancellation
 l - a potion of flight
 m - a potion of attraction
 o - 2 potions of curing
 s - a potion of mutation {unknown}
 v - a potion of haste


   Skills:
 + Level 7.4 Fighting
 + Level 10.2 Polearms
 - Level 2.0 Throwing
 + Level 4.7 Armour
 + Level 9.3 Dodging


You had 8 spell levels left.
You didn't know any spells.
Your spell library contained the following spells:

 Spells                   Type           Power      Damage    Failure   Level
 Dazzling Flash           Conj/Hex       0%         N/A       83%         3
 Iskenderun's Mystic Bla  Conj/Tloc      0%         2d3       99%         4
 Starburst                Conj/Fire      0%         8x6d3     100%        6


Dungeon Overview and Level Annotations

Branches:
Dungeon (8/15)             Temple (1/1) D:7
   Lair: D:8-11

Altars:
Ashenzari
Cheibriados
Dithmenos
Fedhas
Kikubaaqudgha
Makhleb
Nemelex Xobeh
Qazlal
Sif Muna
Trog
Vehumet
Wu Jian
Xom
Yredelemnul
Zin
The Shining One

Shops:
D:7 *

Annotations:
D:8 Erica


Innate Abilities, Weirdness & Mutations

((You are quick and stealthy near water. (Stealth+, EV+, Speed+++)))
Your lower body shifts to a powerful aquatic tail in water.


Message History

You hit Erica but do no damage.
Erica is lightly wounded.
Erica points at you and mumbles some strange words.
The bolt of poison misses you.
Unknown command.
You hit Erica.
Erica is lightly wounded.
Erica barely misses you. Erica closely misses you.
You hit Erica.
Erica is lightly wounded.
Erica hits you with a +2 scimitar of flaming!
Erica burns you.
You barely miss Erica.
Erica is lightly wounded.
Erica hits you with a +2 scimitar of flaming.
Erica burns you.
You hit Erica.
Erica is lightly wounded.
Erica gestures at you while chanting. The lance of force hits you!
You are knocked back by the lance of force.
You slam into the rock wall!
Unknown command.
You hit Erica.
Erica is moderately wounded.
Erica casts a spell at you. The bolt of poison hits you!
You are poisoned.
You hit Erica but do no damage.
Erica is moderately wounded.
* * * LOW HITPOINT WARNING * * *
You feel very sick. Erica hits you but does no damage.
You puncture Erica!
Erica is moderately wounded.
You feel very sick. Erica casts a spell at you. The bolt of poison hits you!
You are lethally poisoned!
You die...

#########
##@..))..##
#@♣#####♣.#
#.##...##.#
#)#.♣†♣.#.#
'.#..<..'.#
.#.#.♣.♣.#.#
###.##...##.#
#.♣#####♣.#
##. .##


You could see Erica (invisible).

Vanquished Creatures
  Sigmund (D:5)
  5 yaks (D:5)
  Edmund (D:5)
  A water moccasin (D:6)
  2 ice beasts
  2 centaurs (D:7)
  A kobold brigand (D:6)
  The ghost of Lobster4 the Digger, an amateur GrEE (D:4)
  A bullfrog (D:7)
  2 scorpions (D:5)
  2 howler monkeys
  2 electric eels (D:6)
  4 hounds
  A centaur zombie (D:6)
  3 centaur skeletons
  2 gnoll shamans
  An iguana (D:6)
  2 orc wizards
  Robin (D:3)
  19 gnolls
  12 adders
  A shadow imp (D:6)
  An ufetubus (D:6)
  3 worms
  2 dart slugs
  8 orcs
  8 ball pythons
  8 endoplasms
  A giant cockroach (D:1)
  13 goblins
  9 hobgoblins
  5 jackals
  12 kobolds
  2 quokkas
  9 bats
  A frilled lizard (D:3)
  4 rats
153 creatures vanquished.

Notes
Turn   | Place    | Note
-------+----------+-------------------------------------------
     0 | D:1      | Demosthentine the Merfolk Gladiator began the quest for the
                  | Orb.
     0 | D:1      | Reached XP level 1. HP: 16/16 MP: 1/1
    27 | D:1      | Reached XP level 2. HP: 23/23 MP: 2/2
   254 | D:1      | Reached XP level 3. HP: 28/28 MP: 3/3
   355 | D:1      | Found a faded altar of an unknown god.
   630 | D:2      | Reached skill level 5 in Polearms
   655 | D:2      | Reached skill level 1 in Armour
   863 | D:2      | Reached XP level 4. HP: 5/35 MP: 4/4
  1935 | D:1      | Reached skill level 5 in Dodging
  2140 | D:2      | Reached XP level 5. HP: 35/41 MP: 5/5
  2628 | D:3      | Noticed Robin
  2636 | D:3      | Killed Robin
  2794 | D:3      | Found a shimmering altar of Xom.
  2794 | D:3      | Found a sparkling altar of Nemelex Xobeh.
  2795 | D:3      | Found a snail-covered altar of Cheibriados.
  2914 | D:3      | Found a glowing silver altar of Zin.
  2984 | D:3      | Became a worshipper of Zin the Law-Giver
  3290 | D:2      | Reached skill level 6 in Polearms
  3423 | D:3      | Reached XP level 6. HP: 48/48 MP: 6/6
  3963 | D:4      | Noticed Lobster4's ghost (amateur GrEE)
  3993 | D:4      | Reached * piety under Zin
  4187 | D:4      | Found a runed translucent door.
  4600 | D:4      | HP: 2/46 [gnoll (7)]
  4874 | D:4      | Found a blossoming altar of Fedhas.
  4944 | D:4      | Reached XP level 7. HP: 18/55 MP: 7/7
  5673 | D:4      | Killed Lobster4's ghost
  5712 | D:5      | Entered Level 5 of the Dungeon
  5928 | D:5      | Reached skill level 7 in Polearms
  6100 | D:5      | Found a glowing golden altar of the Shining One.
  6171 | D:5      | Fell from the grace of Zin
  6171 | D:5      | Became a worshipper of the Shining One
  6362 | D:5      | Noticed Sigmund
  6374 | D:5      | Killed Sigmund
  6375 | D:5      | Reached skill level 5 in Fighting
  6403 | D:5      | Reached XP level 8. HP: 62/62 MP: 8/8
  6520 | D:5      | Noticed Edmund
  6540 | D:5      | Killed Edmund
  6541 | D:5      | Reached skill level 8 in Polearms
  6940 | D:6      | Reached * piety under the Shining One
  6941 | D:6      | Noticed a yak
  6942 | D:6      | Noticed a yak
  6942 | D:6      | Noticed a yak
  6942 | D:6      | Noticed a yak
  6949 | D:6      | Noticed a yak
  6982 | D:5      | Killed a yak
  7162 | D:5      | Killed a yak
  7283 | D:5      | Killed a yak
  7284 | D:5      | Reached skill level 9 in Polearms
  7303 | D:5      | Killed a yak
  7304 | D:5      | Reached XP level 9. HP: 28/71 MP: 9/9
  9413 | D:7      | Found a staircase to the Ecumenical Temple.
  9466 | Temple   | Entered the Ecumenical Temple
  9685 | D:7      | Found Codeneso's Overcharged Wands.
  9828 | D:7      | Reached skill level 10 in Polearms
  9926 | D:7      | Found a stormy altar of Qazlal.
 10296 | D:8      | Noticed Erica
 10312 | D:8      | Killed from afar by Erica

Illustrated notes

Levels and vault maps discovered:
D:1:      lightli_arrival_quake, layout_rooms, hellmonk_ecumenical_altar_run_dry
D:2:      layout_basic, minmay_misc_feat_cross
D:3:      layout_loops_ring, zin_statuary, gammafunk_temple_overflow_forgotten,
          uniq_robin
D:4:      layout_basic, lemuel_round_altar, hellmonk_ghost_happy_afterlife,
          kennysheep_cluttered_room
D:5:      layout_loops_ring, nicolae_tso_carved_into_rock,
          sigmund_edmund_badplayer
D:6:      layout_layer_cave, kennysheep_diamond
D:7:      layout_gridville, lemuel_doored_altar,
          minmay_temple_entry_gardened_gates, kennysheep_nondescript,
          nicolae_shop_overcharged_wands
D:8:      layout_rooms, elyvilon_altar_5, serial_shops, kennysheep_mini_moat,
          grunt_ministairs_11, uniq_prince_ribbit1, uniq_psyche, uniq_erica
Temple:   dpeg_three_leaves_temple

Skill      XL: |  1  2  3  4  5  6  7  8  9 |
---------------+----------------------------+-----
Polearms       | 5 6 7 9 10 | 10.2
Armour         | 1 2 3 4 |  4.7
Fighting       | 3 4 5 6 7 |  7.4
Dodging        | 5 6 7 8 9 |  9.3
Throwing       | |  2.0

Action                   |  1- 3 |  4- 6 |  7- 9 || total
-------------------------+-------+-------+-------++-------
Melee: Trident           |   124 |   293 |   325 ||   742
Throw: Throwing net      |       |     2 |     2 ||     4
  Use: Potion            |     2 |     5 |     2 ||     9
       Scroll            |       |     3 |     9 ||    12
 Stab: Sleeping          |     1 |     1 |       ||     2
       Held in net/web   |       |     4 |       ||     4
       Distracted        |       |     1 |       ||     1
Armor: Leather armour    |    32 |    48 |    64 ||   144
Dodge: Dodged            |    78 |   198 |   186 ||   462
